 Dungeon Crawl Stone Soup version 0.29-a0-118-g06d03a830b (webtiles) character file.

Game seed: 12747614189076987836

41 Ordine the Conjurer (level 3, 0/20 HPs)
             Began as a Deep Elf Conjurer on Feb 19, 2022.
             Shot with an arrow by a centaur (8 damage)
             ... on level 5 of the Dungeon.
             The game lasted 00:07:06 (2051 turns).

Ordine the Conjurer (Deep Elf Conjurer)             Turns: 2051, Time: 00:07:07

Health: 0/20       AC:  2    Str:  4    XL:     3   Next: 32%
Magic:  10/10      EV: 17    Int: 24    God:
Gold:   118        SH:  0    Dex: 19    Spells: 6/9 levels left

rFire   . . .      SeeInvis .   (no weapon)
rCold   . . .      Faith    .   (no shield)
rNeg    . . .      Spirit   .   a - +0 robe
rPois   .          Reflect  .   (no helmet)
rElec   .          Harm     .   (no cloak)
rCorr   .          Rampage  .   (no gloves)
Will    .....                   (no boots)
Stlth   +++.......              (no amulet)
HPRegen 0.06/turn               m - +4 ring of evasion
MPRegen 0.12/turn               i - +6 ring of dexterity

@: no status effects
A: no striking features
a: no special abilities


You were on level 5 of the Dungeon.
You visited 1 branch of the dungeon, and saw 4 of its levels.

You collected 118 gold pieces.

Inventory:

Armour
 a - a +0 robe (worn)
Jewellery
 c - a ring of protection from fire
 i - a +6 ring of dexterity (right hand)
 m - a +4 ring of evasion (left hand)
Scrolls
 b - a scroll of vulnerability {unknown}
 e - a scroll of teleportation {unknown}
 g - a scroll of enchant armour {unknown}
 j - 2 scrolls of amnesia {unknown}
 k - 2 scrolls of identify {unknown}
Potions
 d - 2 potions of curing
 f - a potion of heal wounds {unknown}
 h - a potion of brilliance {unknown}
 l - a potion of haste {unknown}
 n - a potion of might {unknown}


   Skills:
 + Level 0.8 Fighting
 + Level 3.0 Dodging
 + Level 3.0 Stealth
 + Level 3.5 Spellcasting
 + Level 4.6 Conjurations


You had 6 spell levels left.
You knew the following spells:

 Your Spells              Type           Power      Damage    Failure   Level
a - Magic Dart            Conj           100%       1d8       1%          1
b - Searing Ray           Conj           52%        2d6       2%          2

Your spell library contained the following spells:

 Spells                   Type           Power      Damage    Failure   Level
 Dazzling Flash           Conj/Hex       30%        N/A       12%         3
 Corpse Rot               Necr/Air       8%         N/A       16%         2
 Poisonous Vapours        Pois/Air       8%         N/A       16%         2
 Gell's Gravitas          Tloc           4%         N/A       30%         3
 Lesser Beckoning         Tloc           4%         N/A       30%         3
 Teleport Other           Tloc           4%         N/A       30%         3
 Fulminant Prism          Conj/Hex       7%         3d7       36%         4
 Iskenderun's Mystic Bla  Conj/Tloc      15%        2d5       36%         4


Dungeon Overview and Level Annotations

Branches:
Dungeon (3/15)

Altars:


Message History

The magic dart hits the ball python.
The ball python is moderately wounded.
The ball python hisses angrily.
A bat comes into view.
The magic dart hits the ball python.
You kill the ball python!
The magic dart hits the bat.
You kill the bat!
You see here 17 stones.
Found a glowing long sword.
A dart slug comes into view.
The magic dart hits the dart slug.
The dart slug is lightly wounded.
The magic dart hits the dart slug.
The dart slug is moderately wounded.
The magic dart hits the dart slug.
The dart slug is almost dead.
The dart slug launches a dart at you. The slug dart misses you.
The magic dart hits the dart slug!
You kill the dart slug!
You now have 118 gold pieces (gained 15).
n - an emerald potion You see here a +2 long sword of draining.
A bat comes into view.
A sourceless malevolence fills the Dungeon...
You fall into a shaft and drop 2 floors!
The shaft crumbles and collapses.
A centaur comes into view.
Found 11 arrows and a worn gold wand.
Found a stone staircase leading down.
The centaur shouts!
Something shouts, "Slither hence, thou spongy moldwarp flap-bat!"
The centaur wields a +0 shortbow.
The centaur shoots an arrow.
The arrow hits you!
Ouch! That really hurt!
It was a potion of curing.
You feel better.
The centaur shoots an arrow.
The arrow barely misses you.
The centaur shoots an arrow.
The arrow hits you!
The centaur shoots an arrow.
The arrow hits you!
You die...

### ##.# #..###
....# ##
#...##..##
##@........
#....(...>.
#..........
#..........
.......c...##
#..............
.#.............
...............
...............


You could see a centaur.

Vanquished Creatures
  An adder (D:2)
  2 dart slugs
  A ball python (D:3)
  3 bats
  6 goblins
  5 hobgoblins
  4 frilled lizards
  2 kobolds (D:2)
  4 rats
28 creatures vanquished.

Notes
Turn   | Place    | Note
-------+----------+-------------------------------------------
     0 | D:1      | Ordine the Deep Elf Conjurer began the quest for the Orb.
     0 | D:1      | Reached XP level 1. HP: 10/10 MP: 6/6
   275 | D:1      | Reached XP level 2. HP: 16/16 MP: 5/8
   324 | D:1      | Learned a level 2 spell: Searing Ray
  1542 | D:2      | Reached XP level 3. HP: 20/20 MP: 4/9
  2048 | D:3      | You fall into a shaft and drop 2 floors!
  2048 | D:5      | Entered Level 5 of the Dungeon
  2048 | D:5      | Noticed a centaur
  2051 | D:5      | Shot with an arrow by a centaur

Illustrated notes

Levels and vault maps discovered:
D:1:      saegor_arrival_fortress, layout_basic
D:2:      layout_rooms, serial_glass, glass_columns_a, glass_columns_a
D:3:      layout_basic, serial_shops, nicolae_shop_crystal
D:5:      layout_cave_pools, serial_shops, nicolae_shop_bloodbath_and_beyond,
          nicolae_stop_n_shop_2, minmay_misc_feat_tower,
          kennysheep_generic_room_9, uniq_eustachio, uniq_crazy_yiuf_cottage

Skill      XL: |  1  2  3 |
---------------+----------+-----
Stealth        | 3 |  3.0
Dodging        | 3 |  3.0
Fighting       | |  0.8
Spellcasting   | |  3.5
Conjurations   | |  4.6

Action                   || total
-------------------------++-------
 Cast: Magic Dart        ||    43
       Searing Ray       ||     2
  Use: Potion            ||     1
Dodge: Dodged            ||     5

Table legend: (Time is in decaauts)
 A = Elapsed time spent in this place.
 B = Non-inter-level travel time spent in this place.
 C = Inter-level travel time spent in this place.
 D = Time resting spent in this place.
 E = Time spent auto-exploring this place.
 F = Levels seen in this place.
 G = Mean time per level.
                   A        B        C        D        E       F      G
               +--------+--------+--------+--------+--------+-----+--------+
         Total |   2048 |   1982 |     66 |     94 |   1713 |   4 |  512.0 |
       Dungeon |   2048 |   1982 |     66 |     94 |   1713 |   4 |  512.0 |
               +--------+--------+--------+--------+--------+-----+--------+

Top non-repeatable levels by time:
     D:1: 1250 daAuts
     D:2: 661 daAuts
     D:3: 133 daAuts
     D:5: 2 daAuts
